TOP OF THE 1ST |
Pensacola Pilots batting - Pitching for Savannah Hogs : RHP Francisco Moreno
|
Pitching: RHP Francisco Moreno
|
|
Batting: SHB Jack Hendrix
|
0-0: Ball 1-0: Swinging Strike 1-1: Swinging Strike 1-2: Strikes out swinging
|
Batting: SHB Carlos González
|
0-0: SINGLE (Groundball, 4MD)
|
Batting: RHB John Hall
|
0-0: Called Strike 0-1: Ball 1-1: Grounds into double play, 3-6-1 (Groundball, 3)
|
Top of the 1st over - 0 runs, 1 hit, 0 errors, 0 left on base; Pensacola 0 - Savannah 0 |
BOTTOM OF THE 1ST |
Savannah Hogs batting - Pitching for Pensacola Pilots : LHP Paul Mallette
|
Pitching: LHP Paul Mallette
|
|
Batting: RHB Rick Holman
|
0-0: Ball 1-0: Called Strike 1-1: Swinging Strike 1-2: Foul Ball, location: 2F 1-2: Fly out, F7 (Flyball, 7LS)
|
Batting: SHB David Bennett
|
0-0: Called Strike 0-1: Foul Ball, location: 2F 0-2: Ball 1-2: Ball 2-2: Foul Ball, location: 2F 2-2: SINGLE (Groundball, 6MD)
|
Batting: RHB Pedro Cuevas
|
0-0: Ball 1-0: Ball 2-0: Ball 3-0: Base on Balls David Bennett to second
|
Batting: RHB José Ramos
|
0-0: Called Strike 0-1: Called Strike 0-2: Ball 1-2: Ball 2-2: Ball 3-2: Grounds into double play, 6-4-3 (Groundball, 6)
|
Bottom of the 1st over - 0 runs, 1 hit, 0 errors, 1 left on base; Pensacola 0 - Savannah 0 |
TOP OF THE 2ND |
Pensacola Pilots batting - Pitching for Savannah Hogs : RHP Francisco Moreno
|
Batting: LHB Preston Hamilton
|
0-0: Ball 1-0: Ball 2-0: DOUBLE (Groundball, 3L)
|
Batting: RHB George Martin
|
0-0: Ball 1-0: Ball 2-0: Foul Ball, location: 2F 2-1: Foul Ball, location: 2F 2-2: Ground out 5-3 (Groundball, 5L)
|
Batting: RHB José Ramos
|
0-0: DOUBLE (Line Drive, 89D) Preston Hamilton scores
|
Batting: SHB Jason Ashley
|
0-0: Ball 1-0: Called Strike 1-1: Swinging Strike 1-2: Strikes out swinging
|
Batting: RHB Felipe Hernández
|
0-0: Called Strike 0-1: Swinging Strike 0-2: Ball 1-2: Ball 2-2: Strikes out swinging
|
Top of the 2nd over - 1 run, 2 hits, 0 errors, 1 left on base; Pensacola 1 - Savannah 0 |
BOTTOM OF THE 2ND |
Savannah Hogs batting - Pitching for Pensacola Pilots : LHP Paul Mallette
|
Batting: SHB Ramón Minas
|
0-0: Ball 1-0: Ball 2-0: Ball 3-0: Called Strike 3-1: Fly out, F9 (Flyball, 89S)
|
Batting: SHB Juan Chávez
|
0-0: Called Strike 0-1: Ball 1-1: SOLO HOME RUN (Flyball, 7LD), Distance : 341 ft
|
Batting: RHB Juan Morales
|
0-0: Ball 1-0: Ball 2-0: Called Strike 2-1: Ball 3-1: Swinging Strike 3-2: Fly out, F4 (Popup, 23)
|
Batting: LHB Felipe Franco
|
0-0: Ball 1-0: Ball 2-0: Foul Ball, location: 2F 2-1: Foul Ball, location: 2F 2-2: SINGLE (Line Drive, 78S)
|
Batting: RHB António Rodríguez
|
0-0: Called Strike 0-1: Ground out 4-3 (Groundball, 34)
|
Bottom of the 2nd over - 1 run, 2 hits, 0 errors, 1 left on base; Pensacola 1 - Savannah 1 |
TOP OF THE 3RD |
Pensacola Pilots batting - Pitching for Savannah Hogs : RHP Francisco Moreno
|
Batting: RHB Timothy Foster
|
0-0: Ball 1-0: Ball 2-0: Foul Ball, location: 2F 2-1: SINGLE (Groundball, 6MD)
|
Batting: SHB Jack Hendrix
|
0-0: Ball 1-0: Foul Ball, location: 2F 1-1: Foul Ball, location: 2F 1-2: Ball 2-2: Foul Ball, location: 2F 2-2: Ball 3-2: Foul Ball, location: 2F 3-2: Strikes out swinging
|
Batting: SHB Carlos González
|
0-0: Called Strike 0-1: Fly out, F9 (Flyball, 9LS)
|
Batting: RHB John Hall
|
0-0: Ball 1-0: Foul Ball, location: 2F 1-1: Ball 2-1: Foul Ball, location: 2F 2-2: Foul Ball, location: 2F 2-2: SINGLE (Groundball, 6MD) Timothy Foster to second
|
Batting: LHB Preston Hamilton
|
0-0: Called Strike 0-1: Ball 1-1: Foul Ball, location: 2F 1-2: Ground out U3 (Groundball, 3S)
|
Top of the 3rd over - 0 runs, 2 hits, 0 errors, 2 left on base; Pensacola 1 - Savannah 1 |
BOTTOM OF THE 3RD |
Savannah Hogs batting - Pitching for Pensacola Pilots : LHP Paul Mallette
|
Batting: RHB Rick Holman
|
0-0: Called Strike 0-1: Called Strike 0-2: Foul Ball, location: 2F 0-2: Fly out, F8 (Flyball, 8RD)
|
Batting: SHB David Bennett
|
0-0: Foul Ball, location: 2F 0-1: Ball 1-1: Ball 2-1: Called Strike 2-2: Foul Ball, location: 2F 2-2: Strikes out looking
|
Batting: RHB Pedro Cuevas
|
0-0: Swinging Strike 0-1: Ball 1-1: Ground out 5-3 (Groundball, 56)
|
Bottom of the 3rd over - 0 runs, 0 hits, 0 errors, 0 left on base; Pensacola 1 - Savannah 1 |
TOP OF THE 4TH |
Pensacola Pilots batting - Pitching for Savannah Hogs : RHP Francisco Moreno
|
Batting: RHB George Martin
|
0-0: Called Strike 0-1: Foul Ball, location: 2F 0-2: Ball 1-2: Foul Ball, location: 2F Error on foul ball, E5 1-2: Strikes out swinging, 2-3 out at first.
|
Batting: RHB José Ramos
|
0-0: Foul Ball, location: 2F 0-1: Foul Ball, location: 2F 0-2: Foul Ball, location: 2F 0-2: Ball 1-2: SINGLE (Line Drive, 56D)
|
Batting: SHB Jason Ashley
|
0-0: Fly out, F9 (Flyball, 9LS)
|
Batting: RHB Felipe Hernández
|
0-0: Called Strike 0-1: Ball 1-1: Ball 2-1: Called Strike 2-2: Ball 3-2: Strikes out swinging
|
Top of the 4th over - 0 runs, 1 hit, 1 error, 1 left on base; Pensacola 1 - Savannah 1 |
BOTTOM OF THE 4TH |
Savannah Hogs batting - Pitching for Pensacola Pilots : LHP Paul Mallette
|
Batting: RHB José Ramos
|
0-0: Called Strike 0-1: Foul Ball, location: 2F 0-2: Ball 1-2: Ball 2-2: Strikes out looking
|
Batting: SHB Ramón Minas
|
0-0: Ball 1-0: Called Strike 1-1: Fly out, F9 (Flyball, 89M)
|
Batting: SHB Juan Chávez
|
0-0: Ball 1-0: Ground out 5-3 (Groundball, 56)
|
Bottom of the 4th over - 0 runs, 0 hits, 0 errors, 0 left on base; Pensacola 1 - Savannah 1 |
TOP OF THE 5TH |
Pensacola Pilots batting - Pitching for Savannah Hogs : RHP Francisco Moreno
|
Batting: RHB Timothy Foster
|
0-0: Called Strike 0-1: SINGLE (Groundball, 34D)
|
Batting: SHB Jack Hendrix
|
0-0: Ball 1-0: Ball 2-0: Called Strike 2-1: Ball 3-1: SINGLE (Flyball, 89S) Timothy Foster to second
|
Batting: SHB Carlos González
|
0-0: Fielders Choice at 2nd, 4-6 (Groundball, 4M) Timothy Foster to third
|
Batting: RHB John Hall
|
0-0: Ball Carlos González steals 2nd base 1-0: Called Strike 1-1: Ball 2-1: Fly out, F7 (Flyball, 7) Runner from 3rd tags up, SCORES, throw made
|
Batting: LHB Preston Hamilton
|
0-0: Intentional Walk
|
Batting: RHB George Martin
|
0-0: Ball 1-0: Called Strike 1-1: Foul Ball, location: 2F 1-2: Strikes out swinging
|
Top of the 5th over - 1 run, 2 hits, 0 errors, 2 left on base; Pensacola 2 - Savannah 1 |
BOTTOM OF THE 5TH |
Savannah Hogs batting - Pitching for Pensacola Pilots : LHP Paul Mallette
|
Batting: RHB Juan Morales
|
0-0: Called Strike 0-1: Fly out, F7 (Line Drive, 7)
|
Batting: LHB Felipe Franco
|
0-0: Ball 1-0: Foul Ball, location: 2F 1-1: Ball 2-1: Foul Ball, location: 2F 2-2: Fly out, F7 (Flyball, 7S)
|
Batting: RHB António Rodríguez
|
0-0: Fly out, F8 (Flyball, 8LD)
|
Bottom of the 5th over - 0 runs, 0 hits, 0 errors, 0 left on base; Pensacola 2 - Savannah 1 |
TOP OF THE 6TH |
Pensacola Pilots batting - Pitching for Savannah Hogs : RHP Francisco Moreno
|
Batting: RHB José Ramos
|
0-0: Ground out 5-3 (Groundball, 56S)
|
Batting: SHB Jason Ashley
|
0-0: Ball 1-0: Called Strike 1-1: Called Strike 1-2: Fly out, F9 (Flyball, 9S)
|
Batting: RHB Felipe Hernández
|
0-0: Called Strike 0-1: Ball 1-1: Foul Ball, location: 2F 1-2: Strikes out swinging
|
Top of the 6th over - 0 runs, 0 hits, 0 errors, 0 left on base; Pensacola 2 - Savannah 1 |
BOTTOM OF THE 6TH |
Savannah Hogs batting - Pitching for Pensacola Pilots : LHP Paul Mallette
|
Batting: RHB Rick Holman
|
0-0: Fly out, F8 (Flyball, 8LS)
|
Batting: SHB David Bennett
|
0-0: Ball 1-0: Ball 2-0: Called Strike 2-1: Swinging Strike 2-2: Ball 3-2: Base on Balls
|
Batting: RHB Pedro Cuevas
|
0-0: Ball 1-0: DOUBLE (Flyball, 8RXD) David Bennett to third
|
Batting: RHB José Ramos
|
0-0: Swinging Strike 0-1: SINGLE (Line Drive, 78M) David Bennett scores Pedro Cuevas to third
|
Batting: SHB Ramón Minas
|
0-0: Foul Ball, location: 2F 0-1: Called Strike 0-2: Ball 1-2: Ball 2-2: Ball 3-2: Base on Balls José Ramos to second
|
Batting: SHB Juan Chávez
|
0-0: Ball 1-0: Ball 2-0: Foul Ball, location: 2F 2-1: SINGLE (Groundball, 34D) Pedro Cuevas scores José Ramos to third Ramón Minas to second
|
Batting: RHB Juan Morales
|
0-0: Ball 1-0: Called Strike 1-1: Foul Ball, location: 2F 1-2: Foul Ball, location: 2F 1-2: Foul Ball, location: 2F 1-2: Fly out, F8 (Flyball, 89D) Runner from 3rd tags up, OUT at HOME
|
Bottom of the 6th over - 2 runs, 3 hits, 0 errors, 2 left on base; Pensacola 2 - Savannah 3 |
TOP OF THE 7TH |
Pensacola Pilots batting - Pitching for Savannah Hogs : RHP Francisco Moreno
|
Pitching: RHP Cristiano Cipolloni
|
|
Batting: RHB Timothy Foster
|
0-0: Called Strike 0-1: Ball 1-1: Ball 2-1: Called Strike 2-2: Foul Ball, location: 2F 2-2: Ground out 2-3 (Groundball, 2R)
|
Batting: SHB Jack Hendrix
|
0-0: Ball 1-0: Called Strike 1-1: Swinging Strike 1-2: Ball 2-2: Foul Ball, location: 2F 2-2: Ball 3-2: Foul Ball, location: 2F 3-2: Strikes out swinging
|
Batting: SHB Carlos González
|
0-0: Ball 1-0: Called Strike 1-1: Foul Ball, location: 2F 1-2: Ball 2-2: SINGLE (Flyball, 7S)
|
Pinch Hitting: LHB Joe Vásquez
|
0-0: Ball Carlos González steals 2nd base 1-0: Swinging Strike 1-1: Called Strike 1-2: Ball 2-2: Strikes out swinging, 2-3 out at first.
|
Top of the 7th over - 0 runs, 1 hit, 0 errors, 1 left on base; Pensacola 2 - Savannah 3 |
BOTTOM OF THE 7TH |
Savannah Hogs batting - Pitching for Pensacola Pilots : LHP Paul Mallette
|
Pitching: LHP Joe Barnes
|
|
Now at 1B: Joe Vásquez
|
|
Batting: LHB Felipe Franco
|
0-0: Ball 1-0: Foul Ball, location: 2F 1-1: Ground out 4-3 (Groundball, 4S)
|
Batting: RHB António Rodríguez
|
0-0: Called Strike 0-1: Ball 1-1: Foul Ball, location: 2F 1-2: Strikes out swinging
|
Batting: RHB Rick Holman
|
0-0: Ball 1-0: Ball 2-0: Ball 3-0: Called Strike 3-1: Called Strike 3-2: SOLO HOME RUN (Flyball, 78XD), Distance : 383 ft
|
Batting: SHB David Bennett
|
0-0: Called Strike 0-1: Called Strike 0-2: Ball 1-2: Fly out, F9 (Flyball, 9S)
|
Bottom of the 7th over - 1 run, 1 hit, 0 errors, 0 left on base; Pensacola 2 - Savannah 4 |
TOP OF THE 8TH |
Pensacola Pilots batting - Pitching for Savannah Hogs : RHP Cristiano Cipolloni
|
Pitching: LHP Ronnie Beason
|
|
Batting: LHB Preston Hamilton
|
0-0: Ball 1-0: Foul Ball, location: 2F 1-1: Fly out, F9 (Flyball, 89S)
|
Pitching: RHP Ismael Chávez
|
|
Batting: RHB George Martin
|
0-0: Ground out 4-3 (Groundball, 4)
|
Batting: RHB José Ramos
|
0-0: Called Strike 0-1: Called Strike 0-2: Foul Ball, location: 2F 0-2: Ball 1-2: Ball 2-2: Strikes out swinging
|
Top of the 8th over - 0 runs, 0 hits, 0 errors, 0 left on base; Pensacola 2 - Savannah 4 |
BOTTOM OF THE 8TH |
Savannah Hogs batting - Pitching for Pensacola Pilots : LHP Joe Barnes
|
Batting: RHB Pedro Cuevas
|
0-0: Swinging Strike 0-1: Ball 1-1: Foul Ball, location: 2F 1-2: Foul Ball, location: 2F 1-2: Foul Ball, location: 2F 1-2: SINGLE (Line Drive, 34D)
|
Batting: RHB José Ramos
|
0-0: Swinging Strike 0-1: Called Strike 0-2: Foul Ball, location: 2F 0-2: Ball 1-2: Ball 2-2: Hit by Pitch Pedro Cuevas to second
|
Pinch Hitting: RHB Wilson Ortíz
|
0-0: Called Strike 0-1: Ball 1-1: Foul Ball, location: 2F 1-2: Foul Ball, location: 2F 1-2: 3-RUN HOME RUN (Flyball, 7D), Distance : 386 ft
|
Pitching: RHP Armando López
|
|
Batting: SHB Juan Chávez
|
0-0: Foul Ball, location: 2F 0-1: SINGLE (Line Drive, 7S)
|
Batting: RHB Juan Morales
|
0-0: Ball Wild Pitch! Juan Chávez to second 1-0: Ball 2-0: Fly out, F9 (Flyball, 9S)
|
Batting: LHB Felipe Franco
|
0-0: Called Strike 0-1: Called Strike 0-2: Strikes out swinging, 2-3 out at first.
|
Batting: RHB António Rodríguez
|
0-0: Fly out, F9 (Flyball, 9)
|
Bottom of the 8th over - 3 runs, 3 hits, 0 errors, 1 left on base; Pensacola 2 - Savannah 7 |
TOP OF THE 9TH |
Pensacola Pilots batting - Pitching for Savannah Hogs : RHP Ismael Chávez
|
Now in RF: Miguel Martínez
|
|
Batting: SHB Jason Ashley
|
0-0: Fly out, F9 (Flyball, 9LDF)
|
Batting: RHB Felipe Hernández
|
0-0: Ball 1-0: Called Strike 1-1: Foul Ball, location: 2F 1-2: Ball 2-2: Ground out 5-3 (Groundball, 5)
|
Batting: RHB Timothy Foster
|
0-0: Called Strike 0-1: Foul Ball, location: 2F 0-2: Strikes out swinging
|
Top of the 9th over - 0 runs, 0 hits, 0 errors, 0 left on base; Pensacola 2 - Savannah 7 |
|